 Dungeon Crawl Stone Soup version 0.31-a0-459-gc8a9bf3d51 (webtiles) character file.

Game seed: 1469054244404780808

100 BritishOli the Trooper (level 4, 0/37 HPs)
             Began as a Demonspawn Fighter on Aug 4, 2023.
             Was an Initiate of Okawaru.
             Slain by a gnoll
             ... wielding a +0 halberd
              (9 damage)
             ... on level 3 of the Dungeon.
             The game lasted 00:02:04 (1646 turns).

BritishOli the Trooper (Demonspawn Fighter)         Turns: 1646, Time: 00:02:05

Health: 0/37       AC: 10    Str: 18    XL:     4   Next: 46%
Magic:  4/4        EV:  9    Int:  9    God:    Okawaru [......]
Gold:   91         SH:  4    Dex: 13    Spells: 3/3 levels left

rFire   + . .        a - +0 war axe
rCold   . . .        c - +0 buckler
rNeg    . . .        b - +0 scale mail
rPois   .            i - +0 helmet
rElec   .            (no cloak)
rCorr   .            (no gloves)
SInv    .            (no boots)
Will    .....        (no amulet) Stlth
                     k - ring of protection from fire
HPRegen 0.26/turn    (no ring)
MPRegen 0.09/turn

%: no passive effects
@: no status effects
A: icy blue scales 1, demonic touch 2
a: Renounce Religion


You were on level 3 of the Dungeon.
You worshipped Okawaru.
Okawaru was noncommittal.
You visited 1 branch of the dungeon, and saw 3 of its levels.

You collected 171 gold pieces.
You spent 80 gold pieces at shops.

Inventory:

Hand Weapons
 a - a +0 war axe (weapon)
Armour
 b - a +0 scale mail (worn)
 c - a +0 buckler (worn)
 i - a +0 helmet (worn)
Jewellery
 k - a ring of protection from fire (left hand)
 m - a ring of wizardry
 q - a ring of magical power
Scrolls
 e - 2 scrolls of fog {unknown}
 f - 2 scrolls of fear {unknown}
 j - 3 scrolls of identify {unknown}
 n - a scroll of blinking {unknown}
 r - a scroll of vulnerability {unknown}
 s - a scroll of enchant weapon {unknown}
Potions
 d - a potion of might
 g - 2 potions of berserk rage {unknown}
 h - a potion of experience {unknown}
 l - a potion of brilliance {unknown}
 o - a potion of heal wounds
 p - 3 potions of curing


   Skills:
 * Level 4.2 Fighting
 - Level 2.2 Axes
 + Level 3.4 Armour
 - Level 3.0 Shields


You had 3 spell levels left.
You didn't know any spells.
Your spell library was empty.

Dungeon Overview and Level Annotations

Branches:
Dungeon (3/15)

Altars:
Dithmenos
Okawaru

Shops:
D:1 (:((   D:2 [!!


Innate Abilities, Weirdness & Mutations

You are partially covered in icy blue scales. (AC +2)
Your touch may inflict irresistible damage on your foes.


Message History

There are monsters nearby!
You barely miss the gnoll. You hit the gnoll but do no damage.
The gnoll hits you with a +0 club. The gnoll hits you but does no damage.
The gnoll hits you from afar with a +0 halberd.
The gnoll closely misses you. The gnoll hits you but does no damage.
The gnoll barely misses you.
There are monsters nearby!
You slash the gnoll!
The gnoll is severely wounded.
You slash the gnoll! The gnoll barely misses you. The gnoll closely misses you.
The gnoll hits you from afar with a +0 halberd.
There are monsters nearby!
You hit the gnoll.
You kill the gnoll!
Okawaru accepts your kill.
You hit the kobold.
You kill the kobold!
Okawaru accepts your kill.
You closely miss the gnoll.
The gnoll hits you from afar with a +0 halberd.
The gnoll misses you.
There are monsters nearby!
You barely miss the gnoll.
The gnoll is heavily wounded.
The gnoll hits you from afar with a +0 halberd!
The gnoll barely misses you. x2
The gnoll hits you from afar with a +0 halberd!
* * * LOW HITPOINT WARNING * * *
You are too injured to fight recklessly!
You are too injured to fight recklessly!
Unknown command.
You are too injured to fight recklessly!
You are too injured to fight recklessly!
You are too injured to fight recklessly!
You hit the gnoll.
You kill the gnoll!
Okawaru accepts your kill. The gnoll barely misses you.
The gnoll hits you from afar with a +0 halberd!
You die...

#.....# #.....#
#.....##### #..........
# #.......... .....
+...g...... ..#..
####+###.)).......
..#.#.#.......).@.......
..#.#.#.......######..##
..#.#.#.......#
..#.#.#.......#
..#.#.#.......#
..#.#.#.......#
....#)#.......#
....#.#.......#
###...####'####


You could see a gnoll.

Vanquished Creatures
  2 adders
  3 gnolls
  3 dart slugs
  An orc (D:3)
  3 ball pythons
  4 bats
  2 endoplasms
  2 giant cockroaches (D:2)
  5 goblins
  2 hobgoblins
  4 kobolds
  5 quokkas
  2 frilled lizards
  5 rats
43 creatures vanquished.

Notes
Turn   | Place    | Note
-------+----------+-------------------------------------------
     0 | D:1      | BritishOli the Demonspawn Fighter began the quest for the
                  | Orb.
     0 | D:1      | Reached XP level 1. HP: 18/18 MP: 1/1
    20 | D:1      | Found Kanomute's Book Emporium.
    29 | D:1      | Found Abanu's Weapon Shoppe.
   106 | D:1      | Found Riggeam's Weapon Emporium.
   177 | D:1      | Gained mutation: You are partially covered in icy blue
                  | scales. (AC +2) [demonic ancestry]
   177 | D:1      | Reached XP level 2. HP: 20/24 MP: 2/2
   415 | D:1      | Gained mutation: Your touch may inflict minor irresistible
                  | damage on your foes. [demonic ancestry]
   415 | D:1      | Reached XP level 3. HP: 25/29 MP: 3/3
   444 | D:1      | Found Vuuvum's Antique Weapon Shoppe.
   461 | D:1      | You fall into a shaft and drop 1 floor!
   534 | D:2      | Found a shadowy altar of Dithmenos.
   810 | D:2      | Found Ohubeolan's Distillery.
   810 | D:2      | Found Usicwip's Distillery.
   829 | D:2      | Bought a potion of heal wounds for 50 gold pieces
   829 | D:2      | Bought a potion of curing for 30 gold pieces
   960 | D:2      | Found Loolymm's Armour Shop.
  1472 | D:3      | Found an iron altar of Okawaru.
  1487 | D:3      | Gained mutation: Your touch may inflict irresistible damage
                  | on your foes. [demonic ancestry]
  1487 | D:3      | Reached XP level 4. HP: 37/37 MP: 4/4
  1504 | D:3      | Reached skill level 4 in Fighting
  1513 | D:3      | Became a worshipper of Warmaster Okawaru
  1646 | D:3      | Slain by a gnoll

Illustrated notes

Levels and vault maps discovered:
D:1:      eino_arrival_tree_alley, layout_loops_ring, serial_shops, shop_coins,
          nicolae_book_shop_shelving, shop, nicolae_shop_hallway_plus, shop,
          nicolae_houndstooth_variations
D:2:      minmay_chambers_of_twos, layout_loops_ring, basic_altar,
          hellmonk_ecumenical_altar_defaced_shrine, serial_shops, shop,
          nicolae_shop_trees, shop, uniq_natasha
D:3:      layout_basic, mainiacjoe_overflow_chevrons

Skill      XL: |  1  2  3  4 |
---------------+-------------+-----
Axes           | 2 |  2.2
Armour         | 3 |  3.4
Shields        | 3 |  3.0
Fighting       | 4 |  4.2

Action                     |  1- 3 |  4- 6 || total
---------------------------+-------+-------++-------
  Melee: War axe           |   110 |    13 ||   123
 Armour: Scale mail        |    54 |     4 ||    58
  Dodge: Dodged            |    53 |    13 ||    66
  Block: Buckler           |    18 |     3 ||    21

Table legend: (Time is in decaauts)
 A = Elapsed time spent in this place.
 B = Non-inter-level travel time spent in this place.
 C = Inter-level travel time spent in this place.
 D = Time resting spent in this place.
 E = Time spent auto-exploring this place.
 F = Levels seen in this place.
 G = Mean time per level.
                   A        B        C        D        E       F      G
               +--------+--------+--------+--------+--------+-----+--------+
         Total |   1697 |   1662 |     35 |      0 |   1324 |   3 |  565.7 |
       Dungeon |   1697 |   1662 |     35 |      0 |   1324 |   3 |  565.7 |
               +--------+--------+--------+--------+--------+-----+--------+

Top non-repeatable levels by time:
     D:2: 809 daAuts
     D:1: 481 daAuts
     D:3: 406 daAuts
